 Dungeon Crawl Stone Soup version 0.29.1-13-g9f3cf754e1 (webtiles) character file.

Game seed: 13581195833965660436

3822 bubby the Basher (level 10, -18/77 HPs)
             Began as a Ghoul Fighter on Jan 20, 2023.
             Was an Initiate of Makhleb.
             Demolished by a large abomination (30 damage)
             ... on level 1 of the Abyss.
             The game lasted 00:19:49 (8624 turns).

bubby the Basher (Ghoul Fighter)                    Turns: 8624, Time: 00:19:49

Health: -18/77     AC: 11    Str: 25    XL:     10   Next: 17%
Magic:  9/9        EV:  9    Int:  3    God:    Makhleb [......]
Gold:   497        SH:  4    Dex:  8    Spells: 9/9 levels left

rFire   + + .      SeeInvis .   a - +1 flail (freeze)
rCold   + + .      Faith    .   c - +0 buckler
rNeg    + + +      Spirit   .   b - +1 scale mail
rPois   ∞          Reflect  .   r - +2 helmet
rElec   +          Harm     .   (no cloak)
rCorr   +          Rampage  .   h - +0 pair of gloves
Will    .....                   (no boots)
Stlth   ..........              (no amulet)
HPRegen 0.00/turn               v - ring of protection from fire
MPRegen 0.11/turn               (no ring)

@: about to teleport, resistant, inhibited regen, studying Axes
A: claws 1, cold resistance 1, negative energy resistance 3, inhibited
regeneration, torment resistance 2, devour on kill
a: Renounce Religion


You were on level 1 of the Abyss.
You worshipped Makhleb.
Makhleb was noncommittal.
You visited 2 branches of the dungeon, and saw 9 of its levels.
You visited the Abyss 1 time.

You collected 497 gold pieces.

Inventory:

Hand Weapons
 a - a +1 flail of freezing (weapon)
 A - the +3 war axe of the Jester {pain, rN+ Will+ Stlth+}
   (You found it on level 5 of the Dungeon)

   In the hands of one skilled in necromantic magic, it inflicts extra damage on
   living creatures.
   rN:        It protects you from negative energy.
   Will:      It increases your willpower.
   Stlth:     It makes you more stealthy.
Missiles
 m - 5 javelins (quivered)
 s - 25 poisoned darts
Armour
 b - a +1 scale mail (worn)
 c - a +0 buckler (worn)
 h - a +0 pair of gloves (worn)
 o - a +2 chain mail of positive energy
 r - a +2 helmet (worn)
Jewellery
 v - a ring of protection from fire (left hand)
Scrolls
 f - 2 scrolls of poison
 k - 2 scrolls of teleportation
 p - a scroll of fear
 q - a scroll of enchant armour
 t - 6 scrolls of noise
Potions
 d - 2 potions of might
 e - a potion of brilliance
 g - 2 potions of attraction {unknown}
 i - 3 potions of curing
 j - 2 potions of magic {unknown}
 l - a potion of cancellation
 n - 3 potions of haste {unknown}
 z - 2 potions of invisibility


   Skills:
 + Level 3.4 Fighting
 * Level 13.1 Maces & Flails
 - Level 2.6 Armour
 - Level 2.6 Shields


You had 9 spell levels left.
You didn't know any spells.
Your spell library contained the following spells:

 Spells                   Type           Power      Damage    Failure   Level
 Foxfire                  Conj/Fire      0%         2x1d4     89%         1
 Conjure Flame            Conj/Fire      0%         6-21      99%         3
 Inner Flame              Hex/Fire       0%         N/A       99%         3
 Cause Fear               Hex            0%         N/A       100%        4
 Flame Wave               Conj/Fire      0%         2d4       100%        4
 Discord                  Hex            0%         N/A       100%        8


Dungeon Overview and Level Annotations

Branches:
Dungeon (8/15)             Temple (1/1) D:4
   Lair: D:8-11

Altars:
Ashenzari
Cheibriados
Dithmenos
Fedhas
Gozag
Hepliaklqana
Kikubaaqudgha
Makhleb
Nemelex Xobeh
Okawaru
Qazlal
Ru
Sif Muna
Trog
Uskayaw
Vehumet
Wu Jian
Xom
Yredelemnul

Annotations:
D:8 Psyche


Innate Abilities, Weirdness & Mutations

You are immune to poison.
You have sharp fingernails.
Your flesh is cold resistant. (rC+)
You are immune to negative energy. (rN+++)
You do not regenerate when monsters are visible.
You are immune to unholy pain and torment.
You thrive by killing the living.


Message History

The harpy claws you. You block the harpy's attack.
You hit the large abomination but do no damage.
The large abomination is moderately damaged.
The large abomination closely misses you.
The harpy screeches!
You hit the large abomination. You freeze the large abomination.
The large abomination is moderately damaged.
You block the harpy's attack. The harpy claws you!
You sock the large abomination! You freeze the large abomination.
The large abomination is heavily damaged.
The harpy claws you but does no damage. You block the harpy's attack.
The large abomination misses you.
An efreet comes into view.
It is wielding a +4 scimitar of flaming.
You barely miss the large abomination.
The large abomination is heavily damaged.
The harpy claws you. The harpy misses you. The large abomination hits you!!
* * * LOW HITPOINT WARNING * * *
You feel much better. The harpy claws you!
The harpy claws you but does no damage. The harpy claws you.
You block the harpy's attack. The large abomination hits you!
* * * LOW HITPOINT WARNING * * *
As you read the scroll of teleportation, it crumbles to dust.
You feel strangely unstable.
You feel the power of the Abyss delaying your translocation!
The harpy claws you.
* * * LOW HITPOINT WARNING * * *
The harpy barely misses you.
The starcursed mass shrieks in your mind.
* * * LOW HITPOINT WARNING * * *
You block the harpy's attack. The harpy claws you but does no damage.
You feel much better.
The harpy screeches!
The harpy claws you.
* * * LOW HITPOINT WARNING * * *
The harpy barely misses you. x2; The harpy claws you.
* * * LOW HITPOINT WARNING * * *
The starcursed mass shrieks in your mind.
* * * LOW HITPOINT WARNING * * *
The large abomination hits you!!
You die...

# . ... # . .
# ##..## . ..
# . . ..#
#..##.#. # #
#. #.###...
.#. . #.#
#...#X### . ..
#........##..#
#. # #..
#......# . #
#.##H#.. ....
#.@#.. #. ..
##.X.#...#.# #
#..#§#..#.#..
#..#. ..##.#.
# #..R##... ..
#.#☼.##..#.#.
.#°## #.. #
..#.#○ .## ..#
##.☼


You could see a starcursed mass, a large abomination, a harpy shaped shifter and
an efreet.

Vanquished Creatures
  Pikel (D:8)
  A gargoyle (D:7)
  Maggie (D:6)
  A shadow (D:7)
  A wraith (D:7)
  Eustachio (D:5)
  Duvessa (D:6)
  2 ice beasts (D:7)
  2 water moccasins
  2 black bears
  3 sky beasts
  3 centaurs
  2 phantoms (D:6)
  A lemure (D:8)
  Blork the orc (D:5)
  A kobold brigand (D:7)
  3 necrophages
  2 bullfrogs
  A scorpion (D:6)
  Dowan (D:6)
  A howler monkey (D:5)
  A starcursed mass (Abyss:1)
  2 orc priests
  3 hounds
  Robin (D:2)
  9 adders
  3 gnolls (D:5)
  5 white imps
  An ufetubus (D:6)
  2 worms (D:3)
  15 orcs
  8 ball pythons
  7 bats
  5 endoplasms
  6 giant cockroaches
  11 goblins
  11 hobgoblins
  5 jackals
  6 quokkas
  4 frilled lizards
  10 kobolds
  7 rats
154 creatures vanquished.

Vanquished Creatures (others)
  A goblin (D:2)
1 creature vanquished.

Grand Total: 155 creatures vanquished

Notes
Turn   | Place    | Note
-------+----------+-------------------------------------------
     0 | D:1      | bubby the Ghoul Fighter began the quest for the Orb.
     0 | D:1      | Reached XP level 1. HP: 19/19 MP: 0/0
    86 | D:1      | Reached skill level 2 in Maces & Flails
   221 | D:1      | Reached XP level 2. HP: 26/26 MP: 1/1
   495 | D:1      | Reached skill level 3 in Maces & Flails
   524 | D:1      | Reached XP level 3. HP: 26/31 MP: 2/2
   684 | D:1      | Found a faded altar of an unknown god.
   995 | D:2      | Noticed Robin
  1316 | D:2      | Reached XP level 4. HP: 38/38 MP: 3/3
  1376 | D:2      | Killed Robin
  1377 | D:2      | Reached skill level 4 in Maces & Flails
  2027 | D:3      | Reached XP level 5. HP: 42/45 MP: 4/4
  3019 | D:4      | Reached skill level 5 in Maces & Flails
  3206 | D:4      | Reached XP level 6. HP: 43/51 MP: 5/5
  3323 | D:4      | Noticed a water moccasin
  3348 | D:4      | Killed a water moccasin
  3349 | D:4      | Reached skill level 6 in Maces & Flails
  3637 | D:4      | Noticed a black bear
  3651 | D:4      | Killed a black bear
  3805 | D:4      | Found a staircase to the Ecumenical Temple.
  3810 | D:4      | Reached XP level 7. HP: 56/57 MP: 6/6
  4030 | Temple   | Entered the Ecumenical Temple
  4089 | D:5      | Entered Level 5 of the Dungeon
  4126 | D:5      | Reached skill level 7 in Maces & Flails
  4386 | D:5      | Found a sacrificial altar of Ru.
  4397 | D:5      | Noticed Blork the orc
  4428 | D:5      | Killed Blork the orc
  4765 | D:5      | Noticed Eustachio
  4789 | D:5      | Killed Eustachio
  4790 | D:5      | Reached skill level 8 in Maces & Flails
  4790 | D:5      | Reached XP level 8. HP: 28/63 MP: 7/7
  5132 | D:5      | Identified the +3 war axe of the Jester {pain, rN+ Will+
                  | Stlth+}
  5696 | D:6      | Reached skill level 9 in Maces & Flails
  5837 | D:6      | Noticed Maggie
  5865 | D:6      | Killed Maggie
  5866 | D:6      | Reached skill level 10 in Maces & Flails
  6038 | D:6      | Found an ornate altar of the Wu Jian Council.
  6086 | D:6      | Noticed Dowan
  6088 | D:6      | Noticed Duvessa
  6098 | D:6      | Killed Duvessa
  6099 | D:6      | Reached XP level 9. HP: 64/70 MP: 8/8
  6104 | D:6      | Killed Dowan
  6732 | D:7      | Found a stormy altar of Qazlal.
  6836 | D:7      | Reached skill level 11 in Maces & Flails
  7062 | D:7      | Found a burning altar of Makhleb.
  7116 | D:7      | Became a worshipper of Makhleb the Destroyer
  7618 | D:7      | Noticed a gargoyle
  7633 | D:7      | Killed a gargoyle
  7634 | D:7      | Reached skill level 12 in Maces & Flails
  8030 | D:7      | Found a bloodstained altar of Trog.
  8036 | D:7      | Found a snail-covered altar of Cheibriados.
  8039 | D:7      | Found a radiant altar of Vehumet.
  8153 | D:8      | Reached XP level 10. HP: 77/77 MP: 9/9
  8196 | D:8      | Noticed Pikel
  8216 | D:8      | Killed Pikel
  8217 | D:8      | Reached skill level 13 in Maces & Flails
  8440 | D:8      | Found a sparkling altar of Nemelex Xobeh.
  8483 | D:8      | Noticed Psyche
  8502 | Abyss:1  | Cast into level 1 of the Abyss (Psyche)
  8515 | Abyss:1  | Noticed a starcursed mass
  8611 | Abyss:1  | Noticed a black mamba
  8615 | Abyss:1  | Noticed a harpy
  8615 | Abyss:1  | a black mamba changed into a harpy
  8615 | Abyss:1  | Noticed a smoke demon
  8624 | Abyss:1  | Demolished by a large abomination

Illustrated notes

Levels and vault maps discovered:
D:1:      psy_arrival_statuary, layout_rooms,
          shapermc_ecumenical_altar_mp_ritualfount, st_stairs_1,
          patterned_corridor
D:2:      layout_rooms, uniq_robin
D:3:      layout_loops_corners
D:4:      layout_basic, temple_statues
D:5:      layout_basic, overflow_temple_1_default, uniq_eustachio,
          uniq_blork_the_orc
D:6:      layout_cave_pods, mainiacjoe_overflow_chevrons, uniq_duvessa,
          uniq_maggie
D:7:      layout_gridville, grunt_qazlal_sundering, marbit_many_paths,
          minitemple, minmay_manual_maat
D:8:      layout_cave_pods, mainiacjoe_overflow_small_starburst,
          eino_small_chamber_without_monster, uniq_psyche, uniq_prince_ribbit1,
          uniq_maurice, uniq_pikel
Temple:   nicolae_temple_god_jail
Abyss:1:  base:
D:1

Skill      XL: |  1  2  3  4  5  6  7  8  9 10 |
---------------+-------------------------------+-----
Maces & Flails | 2 3 4 5 6 8 10 12 13 | 13.1
Fighting       | |  3.4
Armour         | |  2.6
Shields        | |  2.6

Action                   |  1- 3 |  4- 6 |  7- 9 | 10-12 || total
-------------------------+-------+-------+-------+-------++-------
Melee: Flail             |   121 |   222 |   348 |    52 ||   743
Throw: Dart              |       |     3 |       |       ||     3
       Javelin           |       |     1 |       |       ||     1
  Use: Scroll            |       |       |    16 |     3 ||    19
       Potion            |       |       |     1 |     5 ||     6
Armor: Scale mail        |    61 |   144 |   267 |    13 ||   485
Dodge: Dodged            |    69 |    96 |   168 |    17 ||   350
Block: Buckler           |    32 |    41 |    78 |    11 ||   162
